[Event "*** Titled Tuesday Blitz"]
[Site "Chess.com"]
[Date "2021.04.20"]
[Round "1"]
[White "nikitakhoroshev"]
[Black "Kolle05"]
[Result "1-0"]
[WhiteElo "2638"]
[BlackElo "2334"]
[TimeControl "180+1"]
[EndTime "10:08:31 PDT"]
[Termination "nikitakhoroshev won by resignation"]

1. d4 Nf6 2. c4 e6 3. Nc3 Bb4 4. Nf3 O-O 5. e3 b6 6. Bd3 Bb7 7. O-O d5 8. cxd5 exd5 9. Ne5 Nbd7 10. f4 c5 11. Qf3 Rc8 12. Qh3 h6 13. Nb5 cxd4 14.
Nxa7 Rxc1 15. Raxc1 Bd2 16. exd4 Bxc1 17. Rxc1 Qa8 18.
Nxd7 Nxd7 19. Qxd7 Qxa7 20. Rc7 b5 21. Qxd5 Bxd5 22.
Rxa7 Rc8 23. Kf2 g6 24. g3 Rc1 25. Rd7 Bxa2 26. Bxb5 Rc2+ 27. Ke3 Rxb2 28. Be2 Be6 29. Ra7 h5 30. h4 Rb3+ 31. Kf2 Bd5 32. Rd7 Be6 33. Rc7 Bg4 34. Bc4 Rb2+ 35. Ke3 Be6 36. d5 Bf5 37. d6 Kf8 38. Rxf7+ Ke8 39. Re7+ Kd8 40. Be6 Bxe6 41. Rxe6 Rb3+ 42. Kf2 Kd7 43. Rxg6 Rb2+ 44. Kf3 Rb3+ 45. Ke4 Rb5 46. Rg5 Rb3 47. Rxh5 Rxg3 48. Re5 Kxd6 49. h5 Rh3 50. Kd4 Rh4 51.
Ke4 Rh3 52. Rf5 Ke6 53. Ra5 Rh4 54. Ra6+ Ke7 55. h6 Kf7 56. Ke5 Rh5+ 57. f5 Rh1 58.
Ra7+ Kf8 59. h7 Rh4 60. h8=Q+ Rxh8 61. Ra8+ Kg7 62. Rxh8 Kxh8 63. Ke6 Kg8 64. Ke7 Kg7 65.
f6+ Kg6 66. f7 Kf5 67. f8=Q+ Ke5 68. Qf6+ Kd5 69. Qf4 Kc5 1-0

[Event "*** Titled Tuesday Blitz"]
[Site "Chess.com"]
[Date "2021.04.20"]
[Round "1"]
[White "enriquetejedor"]
[Black "Mbneu"]
[Result "1/2-1/2"]
[WhiteElo "2629"]
[BlackElo "2340"]
[TimeControl "180+1"]
[EndTime "10:08:32 PDT"]
[Termination "Game drawn by repetition"]

1. e4 c5 2. Nf3 Nf6 3. Nc3 d5 4.
exd5 Nxd5 5. Bc4 Nb6 6. Bb5+ Bd7 7. a4 e6 8. O-O Be7 9. d4 cxd4 10. Qxd4 O-O 11. Qg4 Bc6 12. Rd1 Qe8 13. Bh6 Bf6 14. Ne4 Qe7 15. a5 Nd5 16. Bxc6 Nxc6 17. c4 Bxb2 18. cxd5 f5 19. d6 fxg4 20. dxe7 Nxe7 21.
Rab1 Ba3 22. Rxb7 gxf3 23. Bg5 Nd5 24. Rd3 Rab8 25. Rxb8 Rxb8 26. gxf3 Bb4 27. a6 Rb6 28. Be3 Rxa6 29. Bc5 Bxc5 30. Rb3 Bf8 31. Rb8 Rb6 32. Ra8 Nf4 33. h4 Rb1+ 34. Kh2 Ra1 35. Kg3 Nh5+ 36. Kh2 Nf6 37. Ng5 Re1 38. Rxa7 h6 39. Nh3 Nd5 40. Ra6 Bc5 41. Ra8+ Kh7 42. Rc8 Bd4 43. Rc4 Bf6 44. Kg2 Re2 45. Kf1 Ra2 46. h5 Ra1+ 47. Kg2 Ra2 48.
Re4 Nc3 49. Rxe6 Ne2 50. f4 Ra4 51. Rxe2 Ra3 52. f3 Ra4 53. Kg3 Rb4 54. Nf2 Rb2 55. Re4 Bh4+ 56. Kxh4 Rxf2 57. Kg3 Rf1 58. f5 Kg8 59.
Re7 Kf8 60. Rb7 Rg1+ 61. Kf4 Rg5 62. Rb8+ Kf7 63. Rb7+ Kf8 64. Rb8+ Kf7 65. Rb7+ Kf8 1/2-1/2

[Event "*** Titled Tuesday Blitz"]
[Site "Chess.com"]
[Date "2021.04.20"]
[Round "1"]
[White "Gulkov_Igor"]
[Black "topin8"]
[Result "1-0"]
[WhiteElo "2533"]
[BlackElo "2195"]
[TimeControl "180+1"]
[EndTime "10:08:34 PDT"]
[Termination "Gulkov_Igor won on time"]

1. Nf3 Nf6 2. c4 e6 3. Nc3 d5 4. d4 Bb4 5. Bg5 h6 6. Bxf6 Qxf6 7. e3 O-O 8. Bd3 dxc4 9. Bxc4 c5 10. O-O cxd4 11.
Qxd4 Nc6 12. Qxf6 gxf6 13. Rac1 Bd7 14. Rfd1 Rfd8 15. Ne4 Be7 16. a3 Be8 17. g4 a6 18.
Ba2 Rxd1+ 19. Rxd1 Rd8 20. Rxd8 Nxd8 21. h3 Bc6 22.
Ned2 b5 23. Nd4 Bd7 24. f4 Nb7 25. Kf2 Nc5 26. b4 Na4 27. Bb3 Nb6 28. Ke2 Kg7 29. Kd3 Kg6 30. Bc2 Kg7 31. Bb3 Kg6 32. Ne4 e5 33.
f5+ Kg7 34. Ne2 h5 35. N2c3 hxg4 36. hxg4 Bc8 37. Nd5 Bd8 38. Nc5 Kf8 39. Ne4 Kg7 40. Nd6 Bd7 41. Nxb6 Bxb6 42. Nxf7 a5 43. Nd6 axb4 44. axb4 Bc6 45. Ne4 Bxe4+ 46. Kxe4 Kf8 47. Bd5 Ke7 48. Bc6 Bc7 49. Kd3 Bd6 50. Kc3 e4 51. Bxb5 Be5+ 52. Kc4 Kd6 53. Ba6 Kc6 54. Bc8 Bg3 55. Be6 Bf2 56. Kd4 Kd6 57. Bd5 Be1 58. b5 Ba5 59. Kxe4 Bb6 60. Bc6 Bc5 61. Kf4 Bb6 62.
e4 Bc5 63. e5+ fxe5+ 64. Ke4 Bb6 65. g5 Bd4 66. f6 Ke6 67. Bd5+ Kd6 68. g6 1-0

[Event "*** Titled Tuesday Blitz"]
[Site "Chess.com"]
[Date "2021.04.20"]
[Round "1"]
[White "fastestmindalive"]
[Black "mjray79"]
[Result "1-0"]
[WhiteElo "2758"]
[BlackElo "2418"]
[TimeControl "180+1"]
[EndTime "10:08:36 PDT"]
[Termination "fastestmindalive won by resignation"]

1. e4 e5 2. Nf3 Nc6 3. d4 exd4 4. Bc4 Bc5 5. c3 Nf6 6. cxd4 Bb4+ 7. Bd2 Nxe4 8.
Bxb4 Nxb4 9. Bxf7+ Kxf7 10. Qb3+ Kf8 11. Qxb4+ Qe7 12. Qxe7+ Kxe7 13. Nc3 Nxc3 14. bxc3 b6 15. Kd2 h6 16. Rhe1+ Kd8 17. Ne5 Rf8 18. Re2 Ba6 19.
c4 d5 20. Rae1 Bxc4 21. Nxc4 dxc4 22. Kc3 Kd7 23. f3 Rf7 24. Kxc4 Rd8 25. a4 a5 26. Re5 Kc6 27. Re7 Rd7 28. R1e6+ Kb7 29. Rxf7 Rxf7 30. Kd5 Rd7+ 31. Ke5 c6 32. f4 b5 33. axb5 cxb5 34.
d5 b4 35. Rc6 Rc7 36. Rg6 b3 37. Rg3 a4 38. d6 Rc1 39. Rxg7+ Kb6 40. Rg8 Re1+ 41.
Kd5 Rd1+ 42. Ke5 Kc6 43. Rc8+ Kd7 44. Rc7+ Kd8 45. Rb7 Rd2 46. f5 b2 47. f6 a3 48.
f7 Rf2 49. Ke6 Re2+ 50. Kd5 Rf2 51. Ke6 Kc8 52. d7+ Kxb7 53. d8=Q b1=Q 54. Qd5+ Kb6 55. Qd4+ Kb5 56. Qxf2 Qe4+ 57. Kd6 Qd3+ 58. Ke5 Qc3+ 59. Qd4 Qxd4+ 60. Kxd4 a2 61. f8=Q a1=Q+ 62. Kd5 Qd1+ 63.
Ke6 Qe2+ 64. Kf7 Qxg2 65. Qxh6 Kc5 66. h4 Kd5 67. Qg5+ 1-0

[Event "*** Titled Tuesday Blitz"]
[Site "Chess.com"]
[Date "2021.04.20"]
[Round "1"]
[White "Cptn2"]
[Black "Konek-Gorbunok"]
[Result "1-0"]
[WhiteElo "2606"]
[BlackElo "2303"]
[TimeControl "180+1"]
[EndTime "10:08:40 PDT"]
[Termination "Cptn2 won by resignation"]

1. e4 c5 2. Nf3 a6 3. c3 d6 4. Bd3 Nc6 5. Bc2 Nf6 6. h3 g6 7. O-O Bg7 8. d4 cxd4 9. cxd4 O-O 10. Nc3 b5 11. a3 Bb7 12. Qe2 Rc8 13. Bg5 Na5 14. Rac1 Nc4 15. Bb1 Re8 16. Nd2 Nxb2 17. Ba2 Qa5 18. Ncb1 Nc4 19. e5 dxe5 20. dxe5 Nd5 21. Nxc4 bxc4 22. Bxc4 Nb6 23. Nd2 Qxe5 24. Qxe5 Bxe5 25. Ba2 e6 26. Rb1 Bc7 27. Be3 Bd5 28. Bxb6 Bxa2 29. Rb2 Bxb6 30. Rxb6 a5 31. Ne4 Red8 32.
h4 a4 33. h5 gxh5 34. f3 Bb3 35. Kf2 Rc2+ 36. Kg3 Kg7 37. Rh1 Rd5 38. Rh4 Rf5 39. Rb7 Bd5 40. Nd6 Bxb7 41. Nxf5+ exf5 42. Rxa4 Bc6 43. Ra7 Rc3 44. Kf4 Bd5 45. Kxf5 Be6+ 46. Kg5 Rc2 47. g3 Ra2 48. Kxh5 Rb2 49. g4 Rb3 50. f4 Rh3+ 51. Kg5 Rg3 52. f5 h6+ 53.
Kf4 Rb3 54. fxe6 Kg6 55. exf7 Kg7 56. a4 Rb4+ 57. Kg3 Kf8 58. Kh4 Rd4 59. Kh5 Rd6 60.
a5 Re6 61. Rb7 Rd6 62. Rb6 Rd7 63. Kxh6 Rxf7 64. g5 Ra7 65. a6 Kf7 66. Rb7+ 1-0

[Event "*** Titled Tuesday Blitz"]
[Site "Chess.com"]
[Date "2021.04.20"]
[Round "1"]
[White "Anna_ChessMate"]
[Black "stepakyedael"]
[Result "1-0"]
[WhiteElo "2552"]
[BlackElo "2225"]
[TimeControl "180+1"]
[EndTime "10:08:40 PDT"]
[Termination "Anna_ChessMate won by checkmate"]

1. d4 Nf6 2. c4 g6 3. g3 Bg7 4. Bg2 O-O 5. Nc3 d6 6. Nf3 Nc6 7. O-O Bf5 8. Ne1 e5 9. d5 Na5 10. e4 Bd7 11. b3 c5 12. dxc6 Bxc6 13. Ba3 Ne8 14. Nc2 b6 15. Qd2 Nb7 16. Rad1 Qf6 17. Nb4 Rc8 18. Nxc6 Rxc6 19. Qd5 Rc7 20. Nb5 Rd7 21.
Qc6 Qe6 22. Nxa7 Nd8 23. Qxb6 Rb7 24. Qa5 Qd7 25. Nb5 Nc6 26. Qd2 Nd4 27. Nxd4 exd4 28. Bb2 Ra7 29. Bxd4 Bxd4 30. Qxd4 Rxa2 31. e5 Ra6 32. c5 d5 33. Qxd5 Qe7 34. c6 Nc7 35. Qd6 Re8 36. Qxe7 Rxe7 37. Rd7 Rxd7 38. cxd7 Ne6 39.
Rd1 Nd8 40. b4 Rb6 41. Rd4 Kf8 42. Rc4 Ke7 43. Bh3 Ne6 44. Bxe6 Rxe6 45. Rd4 Kd8 46.
f4 f6 47. exf6 Rxf6 48. Kg2 Ra6 49. Kh3 Ra2 50. b5 Rb2 51. Rd5 h5 52. f5 gxf5 53. Rxf5 Kxd7 54. Rxh5 Ke6 55. Kg4 Rb4+ 56. Kf3 Rb3+ 57.
Ke4 Kf6 58. Rc5 Kg7 59. g4 Rb2 60. h4 Re2+ 61. Kf5 Rf2+ 62. Kg5 Re2 63. h5 Re7 64. b6 Kh8 65. Rc8+ Kg7 66. Rc7 Kf7 67. Rxe7+ Kxe7 68. b7 Kd6 69. b8=Q+ Kc6 70. h6 Kd7 71. h7 Kc6 72. h8=Q Kd5 73. Qhe5+ Kc4 74. Qbc7+ Kb4 75. Qb2+ Ka4 76. Qa7# 1-0

[Event "*** Titled Tuesday Blitz"]
[Site "Chess.com"]
[Date "2021.04.20"]
[Round "1"]
[White "PowerThinking2650"]
[Black "Rsnr"]
[Result "0-1"]
[WhiteElo "2420"]
[BlackElo "2782"]
[TimeControl "180+1"]
[EndTime "10:08:45 PDT"]
[Termination "Rsnr won on time"]

1. e4 c6 2. d4 d5 3. Nc3 dxe4 4. Nxe4 Bf5 5. Ng3 Bg6 6. h4 h6 7. Nf3 e6 8. Ne5 Bh7 9. Bc4 Nf6 10. c3 Nbd7 11.
f4 c5 12. Be3 cxd4 13. Bxd4 a6 14. Qe2 Nxe5 15. Bxe5 Be7 16. Rd1 Qa5 17. Bxf6 Bxf6 18. Ne4 Be7 19. Nd6+ Bxd6 20. Rxd6 O-O 21. Qe5 Qxe5+ 22.
fxe5 Rac8 23. Bb3 Rc5 24. O-O Rxe5 25. Rd7 b5 26. a3 Bf5 27. Rf2 Re4 28. Ra7 Rxh4 29.
Rxa6 Rb8 30. Ra7 Re4 31. Rxf5 exf5 32. Rxf7 Kh8 33. Rxf5 Re2 34. Rf2 Rbe8 35. Bd5 Re1+ 36. Kh2 R8e2 37. Kg3 Rxf2 38. Kxf2 Rb1 39. b4 Rc1 40.
Bc6 Rc2+ 41. Kg1 Rxc3 42. Bxb5 Rxa3 43. Bc6 Rb3 44. b5 g5 45. Kf2 Kg7 46. Ke2 Kf6 47. Kd2 Ke5 48. Kc2 Rb4 49. Kc3 Rb1 50. Kc4 Kd6 51.
Kd4 Rb4+ 52. Kc3 Kc5 53. Kd3 h5 54. Ke3 h4 55. Kf3 Rf4+ 56. Ke3 Rf6 57. Ke2 Kd4 58. Bf3 Kc4 59. Bc6 g4 60. Ke3 Kc5 61. Bd7 g3 62.
Bc6 Rf2 63. Bd7 Kd6 64. Bc6 Kc5 65. Kd3 Rf6 66. Ke3 Kd6 67. Ke4 Rf2 68. Ke3 Ke5 69.
b6 Rb2 70. b7 Rb3+ 71. Ke2 Kf4 72. Kd2 Rb6 73. Bf3 h3 0-1

[Event "*** Titled Tuesday Blitz"]
[Site "Chess.com"]
[Date "2021.04.20"]
[Round "1"]
[White "Sjakkerntobi"]
[Black "VMikhalevski"]
[Result "0-1"]
[WhiteElo "2392"]
[BlackElo "2714"]
[TimeControl "180+1"]
[EndTime "10:08:45 PDT"]
[Termination "VMikhalevski won by checkmate"]

1. e4 e5 2. Nf3 Nc6 3. Bb5 g6 4.
d4 exd4 5. c3 a6 6. Bc4 Bg7 7.
cxd4 b5 8. Bb3 d6 9. h3 Nf6 10. O-O O-O 11. Re1 Na5 12. Bc2 c5 13. Nc3 Re8 14. dxc5 dxc5 15. Qxd8 Rxd8 16. e5 Ne8 17. Bg5 Rd7 18. Rad1 Rxd1 19. Rxd1 Be6 20. Ne4 Bxa2 21.
Nxc5 Rc8 22. Rd8 Rxd8 23. Bxd8 Nc6 24. Bf6 Nxf6 25. exf6 Bxf6 26. b3 Nb4 27. Bd1 Be7 28.
Ne4 Bb1 29. Ned2 Bf5 30. Nd4 Bd7 31. Nc2 Nd5 32. Kf1 Nc3 33. Bf3 a5 34. Nd4 a4 35.
bxa4 bxa4 36. Bc6 Bxc6 37. Nxc6 Bc5 38. Ne5 a3 39. Nb3 a2 40. Nd3 Bd4 41. Nb4 Be5 42. g3 g5 43. Kg2 f5 44. Nxa2 Nxa2 45. Nc5 Kf7 46. Nd3 Bd6 47. Kf3 h5 48. Kg2 Nb4 49. Ne1 g4 50. hxg4 hxg4 51. Kf1 Be5 52. Ng2 Nd5 53.
Ke2 Kf6 54. Ne1 Ke6 55. Nd3 Nc3+ 56. Kd2 Ne4+ 57. Ke2 Bb8 58. Ne1 Ba7 59. Nd3 Kd5 60. Nf4+ Kc4 61. Nd3 Kc3 62. Ne5 Bxf2 63. Kf1 Bxg3 64.
Ng6 Kd4 65. Kg2 Ke3 66. Ne7 Kf4 67. Nd5+ Kg5 68. Nb4 f4 69. Nd3 f3+ 70. Kf1 Bd6 71.
Nc1 g3 72. Nd3 g2+ 73. Kg1 Bc5+ 74. Kh2 g1=Q+ 75. Kh3 Qg2# 0-1

[Event "*** Titled Tuesday Blitz"]
[Site "Chess.com"]
[Date "2021.04.20"]
[Round "1"]
[White "Legendinunknown"]
[Black "AnnaChessLook"]
[Result "1/2-1/2"]
[WhiteElo "2572"]
[BlackElo "2270"]
[TimeControl "180+1"]
[EndTime "10:08:45 PDT"]
[Termination "Game drawn by repetition"]

1. d4 Nf6 2. c4 c5 3. d5 b5 4. Nd2 b4 5. e4 d6 6. Bd3 g6 7. Ne2 Bg7 8. O-O O-O 9. h3 e6 10.
Ng3 exd5 11. exd5 Nbd7 12. f4 Re8 13. Qf3 Qe7 14. Nb3 a5 15. Bd2 a4 16. Rae1 Qf8 17. Nc1 Nb6 18. a3 bxa3 19. bxa3 Ba6 20. Bc3 Bxc4 21.
Bxc4 Nxc4 22. Nd3 Rxe1 23. Rxe1 Re8 24. Kh2 Rxe1 25. Nxe1 Qe7 26. Nc2 Nb6 27. Bxf6 Bxf6 28. Ne4 Nxd5 29. g3 Bg7 30. f5 Nf6 31. Nf2 Qe5 32.
Ne3 Qb2 33. fxg6 hxg6 34. Kg2 Nd7 35. Nc4 Qc3 36. Nxd6 Qxf3+ 37. Kxf3 Ne5+ 38. Ke4 f5+ 39. Kd5 c4 40. Nd1 Kf8 41. Nxc4 Nxc4 42. Kxc4 Kf7 43. Kb4 Be5 44. g4 f4 45. Kxa4 f3 46. Ne3 Bd4 47. Nf1 Ke6 48. Kb4 Ke5 49. Kc4 Ba7 50. Kd3 Kf4 51. a4 Bb6 52. Kc4 Ke4 53.
Kb5 Bd4 54. Kc4 Ba7 55. a5 g5 56. a6 Bb8 57. Kc5 Kd3 58. Kd5 Ke2 59. Ng3+ Ke1 60.
Ne4 f2 61. Nxf2 Kxf2 62. Ke4 Kg3 63. Kf5 Kh4 64. Kg6 Ba7 65. Kh6 Be3 66. Kg6 Ba7 67.
Kf5 Be3 68. Kf6 Ba7 69. Kg6 Bb8 70. Kf5 Ba7 71. Ke4 Bb8 72. Kf5 Ba7 73. Kg6 Bb8 74. Kh6 Ba7 75. Kg6 1/2-1/2

[Event "*** Titled Tuesday Blitz"]
[Site "Chess.com"]
[Date "2021.04.20"]
[Round "1"]
[White "Pertinhez76"]
[Black "HackingKid98"]
[Result "1-0"]
[WhiteElo "2042"]
[BlackElo "2468"]
[TimeControl "180+1"]
[EndTime "10:08:47 PDT"]
[Termination "Pertinhez76 won by checkmate"]

1. d4 Nf6 2. Bf4 c5 3. c3 Qb6 4.
Qb3 Qxb3 5. axb3 cxd4 6. cxd4 Nc6 7. e3 e6 8. Nc3 Bb4 9. Ra4 Nd5 10. Ne2 O-O 11.
Bg3 b5 12. Ra1 Bb7 13. e4 Nf6 14. f3 Rfc8 15. Kd2 d5 16. e5 Nd7 17. Bf2 a6 18. Nf4 Na5 19. Kc2 Nb8 20. Nd3 Nbc6 21. Nc1 Bf8 22. Kd2 h6 23. Bd3 Rc7 24. g4 Rac8 25. h4 g6 26. Be3 Kg7 27. f4 Kg8 28.
Rg1 Kg7 29. f5 Be7 30. f6+ Bxf6 31. exf6+ Kxf6 32. Bxh6 Ke7 33. Bf4 Kd7 34. Bxc7 Rxc7 35. Rf1 Ke7 36. g5 Nxd4 37. Rxa5 Rc8 38. Ra1 Rh8 39.
Rf4 Nc6 40. N1e2 Ne5 41. Nd4 Kd7 42. b4 Kd6 43. Nb3 Ke7 44. Nc5 Bc8 45. Ne2 Kd6 46.
Nd4 a5 47. bxa5 Nxd3 48. Nxd3 e5 49. Rf6+ Be6 50. Nxe5 Kxe5 51. Nxb5 Rxh4 52. a6 Rh2+ 53. Kc3 Bc8 54. a7 Bb7 55. Rxf7 d4+ 56. Kb3 Bd5+ 57. Ka3 Rh3+ 58. Ka4 Rh4 59. Re7+ Kf5 60. Rd7 d3+ 61. Ka5 Bc6 62. Nd4+ Ke5 63. Nxc6+ Ke6 64. Rxd3 Rh5 65. b4 Rxg5+ 66. b5 Rg2 67. Kb6 Kf6 68. a8=Q Kg5 69.
Qd8+ Kh6 70. Rh1+ Kg7 71. Rd7# 1-0

[Event "*** Titled Tuesday Blitz"]
[Site "Chess.com"]
[Date "2021.04.20"]
[Round "1"]
[White "Pelopidass"]
[Black "ARMQUEEN"]
[Result "1/2-1/2"]
[WhiteElo "2558"]
[BlackElo "2245"]
[TimeControl "180+1"]
[EndTime "10:08:50 PDT"]
[Termination "Game drawn by repetition"]

1. d4 Nf6 2. Nf3 c5 3. e3 g6 4. c4 Bg7 5. d5 d6 6. Nc3 O-O 7.
Bd3 e6 8. h3 exd5 9. cxd5 a6 10. a4 Nbd7 11. O-O Re8 12. Nd2 Ne5 13. Bc2 Nh5 14. f4 Nd7 15. Nc4 Nb6 16. Nxb6 Qxb6 17. a5 Qd8 18. Qf3 f5 19. g4 fxg4 20. hxg4 Nf6 21.
f5 Bd7 22. g5 Nh5 23. f6 Rf8 24. Qg2 Bh8 25. Ne4 Bf5 26. Rxf5 gxf5 27. Ng3 Nxg3 28. Qxg3 Qe8 29. Bxf5 Qe5 30. Be6+ Rf7 31. Qxe5 dxe5 32.
e4 Kf8 33. Bxf7 Kxf7 34. Be3 Rc8 35. Rc1 c4 36. Kf2 h6 37. gxh6 Bxf6 38. Ke2 Kg6 39.
b3 c3 40. Kd3 Bd8 41. b4 Be7 42. Bc5 Bg5 43. Rxc3 Bxh6 44. Rc2 Bf4 45. Rg2+ Kf6 46. Kc4 Rh8 47. b5 Rh1 48. bxa6 bxa6 49. Bb6 Rc1+ 50. Kb4 Rc8 51. d6 Ke6 52. Rg6+ Kf7 53. d7 Bd2+ 54. Kb3 Rc3+ 55. Kb2 Rd3 56. d8=Q Rxd8 57. Bxd8 Kxg6 58. Kb3 Kh5 59. Kc4 Kg4 60. Kd5 Bc3 61. Bc7 Kf4 62. Bd6 Bd4 63. Bc7 Bc3 64. Bb6 Bb2 65. Ba7 Bc3 66.
Bb6 Bb2 67. Bd8 Bc3 68. Bc7 Bd4 69. Bd6 Bc3 70. Bc7 Bb2 71. Bb6 Bc3 72. Bc7 1/2-1/2

[Event "*** Titled Tuesday Blitz"]
[Site "Chess.com"]
[Date "2021.04.20"]
[Round "1"]
[White "Varinius"]
[Black "Volodar_Murzin"]
[Result "1/2-1/2"]
[WhiteElo "2405"]
[BlackElo "2710"]
[TimeControl "180+1"]
[EndTime "10:08:53 PDT"]
[Termination "Game drawn by repetition"]

1. d4 d5 2. Nf3 Nf6 3. c4 c6 4.
Nc3 e6 5. g3 Nbd7 6. Bg2 Bd6 7.
O-O O-O 8. Nd2 Re8 9. e4 dxe4 10.
Ndxe4 Bf8 11. Bf4 Nxe4 12. Nxe4 Nf6 13. Nc3 Bd6 14. Qd2 Bxf4 15. Qxf4 Qb6 16. Rab1 Qb4 17. Rfc1 Rd8 18. b3 Qd6 19. Qe3 Ng4 20. Qe2 Nf6 21.
Rd1 Bd7 22. Rd2 Be8 23. Rbd1 Rd7 24. Na4 Rad8 25. Nc5 Re7 26. Qe5 b6 27. Ne4 Nxe4 28. Bxe4 Qxe5 29. dxe5 Rxd2 30. Rxd2 Rd7 31. Rd6 Rxd6 32.
exd6 Bd7 33. b4 f5 34. Bf3 c5 35. b5 Kf7 36. Bc6 Ke8 37. f4 Kd8 38. Kf2 Be8 39.
Ke3 Bf7 40. a3 Bh5 41. h3 Bd1 42. Kd3 Bb3 43. Kc3 Bd1 44. Kd2 Bh5 45. Ke3 Bf7 46.
g4 g6 47. g5 Be8 48. h4 Bd7 49. Kd3 Bc8 50. Kc3 Bd7 51. a4 Be8 52. Kb3 Bf7 53.
a5 Be8 54. Ka4 Bd7 55. axb6 axb6 56. Kb3 Kc8 57. Kc3 Kd8 58. Kd3 Be8 59. Ke3 Bd7 60.
Kf3 Be8 61. Kg3 Bd7 62. h5 Be8 63. h6 Bd7 64. Kf3 Be8 65. Ke3 Bd7 66. Kd3 Ke8 67.
Ke3 Kd8 68. Kd3 Ke8 69. Kc3 Kd8 70. Kd3 1/2-1/2

[Event "*** Titled Tuesday Blitz"]
[Site "Chess.com"]
[Date "2021.04.20"]
[Round "1"]
[White "gagtemp"]
[Black "draksbg"]
[Result "0-1"]
[WhiteElo "1970"]
[BlackElo "2480"]
[TimeControl "180+1"]
[EndTime "10:08:58 PDT"]
[Termination "draksbg won by resignation"]

1. e4 c5 2. Nf3 Nc6 3. d4 cxd4 4. Nxd4 g6 5. Nc3 Bg7 6. Be3 Nf6 7. Bc4 O-O 8. f3 Qa5 9. Qd2 a6 10. Bb3 b5 11.
O-O-O Bb7 12. Kb1 Nxd4 13. Bxd4 b4 14. Ne2 Bc6 15. Qe3 Qb5 16. c4 bxc3 17. Bxc3 a5 18. Nd4 Qa6 19. h4 a4 20. Nxc6 Qxc6 21. Bd5 Nxd5 22.
exd5 Qd6 23. Bxg7 Kxg7 24. Qd4+ Qf6 25. Qxf6+ Kxf6 26. Rd4 Rfb8 27. h5 g5 28. Rc1 Rb7 29.
Rcc4 a3 30. b3 d6 31. Kc2 Ra5 32. Kd3 Rbb5 33. Ke4 Rc5 34. Ra4 Rxa4 35. Rxa4 Rc2 36. Rxa3 Rxg2 37. b4 Rb2 38. Rb3 Rxa2 39. b5 Ra7 40. b6 Rb7 41. f4 g4 42. Ke3 Kf5 43.
Rb4 e5 44. fxe5 Kxe5 45. Rxg4 f5 46. Rb4 Kxd5 47. Kf4 Kc5 48. Rb1 Rxb6 49. Rd1 d5 50. Kxf5 d4 51. Rc1+ Kb4 52. Rc7 h6 53. Ke4 Rd6 54. Kd3 Kb5 55. Rg7 Rd5 56. Rb7+ Kc5 57.
Rc7+ Kd6 58. Rc4 Ke5 59. Rc8 Kf4 60. Rc4 Ke5 61. Rc7 Rd6 62. Rc4 Rd7 63. Rc5+ Kf4 64. Rc6 Kg5 65. Rc5+ Kg4 66. Rc4 Kxh5 67. Rxd4 Rxd4+ 68.
Kxd4 Kg4 69. Ke3 Kg3 70. Ke2 Kg2 71. Ke1 h5 0-1

[Event "*** Titled Tuesday Blitz"]
[Site "Chess.com"]
[Date "2021.04.20"]
[Round "1"]
[White "Kapibara_Warri0r"]
[Black "GameOverBro"]
[Result "1/2-1/2"]
[WhiteElo "2235"]
[BlackElo "2550"]
[TimeControl "180+1"]
[EndTime "10:09:00 PDT"]
[Termination "Game drawn by stalemate"]

1. e4 d6 2. d4 Nf6 3. Nc3 e5 4.
Nf3 Nbd7 5. Bc4 Be7 6. a4 c6 7. O-O Qc7 8. Ba2 h6 9. h3 Nf8 10. Nh4 Ne6 11. dxe5 dxe5 12. Nf5 O-O 13. Qf3 Ng5 14.
Bxg5 hxg5 15. Qg3 Nh5 16. Qg4 g6 17. h4 Bxf5 18. exf5 Qc8 19. hxg5 Qxf5 20. Qc4 Bxg5 21. Ne4 Nf4 22. Nd6 Qg4 23. g3 Kg7 24. Nxf7 Qh3 25. Qe4 Rh8 26. Nxh8 Rxh8 27. Qxe5+ Bf6 28. Qc7+ Kh6 29.
Qxf4+ Bg5 30. Qf3 Kg7 31. Qg2 Qg4 32. Rad1 Rf8 33. Rfe1 a6 34. Rd6 Qf5 35. Red1 Be7 36. Rd7 Re8 37. c3 b5 38. Bb1 Qf6 39. Qf3 Qxf3 40. Re1 Qf6 41. Rc7 bxa4 42. Ba2 Kf8 43.
Re6 Qf3 44. Rcxc6 Qd1+ 45. Kg2 Qc2 46. Rxg6 Bh4 47. Rg8+ Ke7 48. Re6+ Kd7 49. Rexe8 Bf6 50. Rgf8 Be7 51. Be6+ Kxe6 52. Rf3 Qe4 53. Rg8 Kd7 54. Rg7 a3 55. Kh2 Qe6 56. Kg2 Qc6 57. Rf7 Kd8 58.
bxa3 Qc4 59. R3f4 Qd5+ 60. Kh2 Bd6 61. Rf3 Qh5+ 62. Kg2 Qd5 63. Kh2 Be5 64. Kg1 a5 65.
Rf8+ Kd7 66. R3f7+ Kd6 67. Rd8+ Ke6 68. Rxd5 Kxd5 69.
Rf5 a4 70. Rxe5+ Kxe5 71. Kg2 Kd5 72. f3 Kc4 73. g4 Kb3 74. g5 Kxa3 75. g6 Kb2 76. g7 a3 77. g8=Q a2 78. Qxa2+ Kxa2 79. f4 Kb3 80. Kg3 Kc4 81. Kg4 Kd5 82. Kg5 Ke6 83. f5+ Kf7 84. c4 Kg8 85. c5 Kf8 86. c6 Ke7 87. c7 Kd7 88. f6 Kc8 89. Kg6 Kb7 90. f7 Ka7 91. f8=Q Kb6 92. Qb4+ Ka7 93. c8=Q 1/2-1/2

[Event "*** Titled Tuesday Blitz"]
[Site "Chess.com"]
[Date "2021.04.20"]
[Round "1"]
[White "lamomiablanca"]
[Black "jacky72"]
[Result "0-1"]
[WhiteElo "2407"]
[BlackElo "2734"]
[TimeControl "180+1"]
[EndTime "10:09:09 PDT"]
[Termination "jacky72 won by resignation"]

1. e4 e5 2. Nf3 Nc6 3. Nc3 Nf6 4.
d4 exd4 5. Nxd4 Bb4 6. Nxc6 bxc6 7.
Bd3 d5 8. Bd2 O-O 9. O-O Bxc3 10. Bxc3 Nxe4 11. Bxe4 dxe4 12. Qh5 Qd5 13. Qe5 Qxe5 14.
Bxe5 Rb8 15. b3 Rb7 16. Rad1 f6 17. Bc3 Rb5 18. Rfe1 Bf5 19. Rd4 Re8 20. h3 Rc5 21. Re3 h5 22. Ra4 Ra8 23. Ra5 Rd5 24. Rxd5 cxd5 25. Bd4 c6 26. Rc3 Bd7 27. Rc5 a6 28. Kf1 Kf7 29. Ke2 g5 30. Ke3 f5 31. g3 Ke6 32. c4 Rf8 33. cxd5+ cxd5 34. f4 h4 35. gxh4 gxh4 36. Ra5 Bb5 37. a4 Bf1 38. Kf2 Bd3 39. b4 Rc8 40. Bc5 Bc4 41. Ke3 Rg8 42. b5 axb5 43. axb5 Rg3+ 44. Kf2 Rxh3 45. b6 Rb3 46. Ra7 Rb2+ 47. Kg1 h3 48. Re7+ Kf6 49. Rh7 Rb3 50.
Kh2 Ba6 51. Rxh3 Rb2+ 52. Kg1 Ke6 53. Rh6+ Kf7 54. Rf6+ Ke8 55. Rxf5 Bc4 56. Re5+ Kd7 57. Re7+ Kc6 58. Rc7+ Kb5 59. b7 Ka6 60. Rc6+ Kxb7 61. Rh6 Re2 62. f5 e3 63. Re6 Re1+ 64. Kg2 e2 65.
Bf2 Ra1 66. Re7+ Kc6 67. f6 Ra8 68. Kf3 Rf8 69. Bh4 Kd6 70. Ra7 Rxf6+ 71. Ke3 Re6+ 72. Kd2 Re4 73. Ra6+ Kc5 74. Rh6 Rd4+ 75. Ke1 Rd1+ 76. Kf2 e1=Q+ 77. Kf3 Qe2+ 78. Kf4 Rf1+ 79. Kg5 Qe4 80.
Bf2+ Rxf2 81. Rc6+ Kxc6 0-1

[Event "*** Titled Tuesday Blitz"]
[Site "Chess.com"]
[Date "2021.04.20"]
[Round "1"]
[White "kai_nov"]
[Black "Korchmar_Vasiliy"]
[Result "0-1"]
[WhiteElo "2319"]
[BlackElo "2622"]
[TimeControl "180+1"]
[EndTime "10:09:16 PDT"]
[Termination "Korchmar_Vasiliy won on time"]

1. d4 d5 2. c4 c6 3. Nf3 Nf6 4.
e3 Bg4 5. Qb3 Qb6 6. Nc3 e6 7.
Nh4 Nbd7 8. h3 Bh5 9. g4 Bg6 10. Nxg6 hxg6 11. g5 Ng8 12. e4 dxe4 13. Qxb6 axb6 14.
Nxe4 Rh4 15. f3 Bb4+ 16. Kf2 Ne7 17. a3 Nf5 18. Be3 Be7 19. Rd1 O-O-O 20. f4 Nc5 21.
Bg2 Nb3 22. d5 exd5 23. cxd5 cxd5 24. Bxb6 dxe4 25. Bxd8 Bxd8 26. Bxe4 Rxf4+ 27. Bf3 Nfd4 28. Rd3 Bxg5 29. Kg2 Bf6 30. Re1 Nxf3 31. Rxf3 Rxf3 32.
Kxf3 Kd7 33. Ke4 Bxb2 34. Kd5 Bf6 35. Rb1 Na5 36. Rb5 Bd8 37. Rb2 g5 38. Rf2 f6 39.
Rg2 Nc6 40. h4 Ne7+ 41. Ke4 gxh4 42. Rxg7 Ke6 43. Rh7 f5+ 44. Kf3 Bc7 45. Rxh4 Bd6 46. Rh6+ Kd5 47. Rh7 Bxa3 48. Rf7 Bd6 49. Rh7 b5 50.
Ke3 b4 51. Kd3 Ke5 52. Rh6 Nd5 53. Kc4 Ne3+ 54. Kd3 Ng4 55. Rh8 Nf6 56. Rd8 f4 57. Rh8 Kf5 58. Rh1 Ne4 59. Kd4 Be5+ 60. Kd5 Nc3+ 61. Kc4 Bd6 62. Rh5+ Ke4 63. Rh6 Bf8 64. Rf6 Bg7 65. Rg6 Be5 66. Kxb4 f3 67. Rg4+ Ke3 68.
Rg1 Ne2 69. Re1 Kf2 70. Rd1 Bf4 71. Rd3 Be3 72. Rd1 Nf4 73. Kc4 Ke2 74. Rh1 Ng2 75. Kc3 f2 0-1

[Event "*** Titled Tuesday Blitz"]
[Site "Chess.com"]
[Date "2021.04.20"]
[Round "1"]
[White "ferch1ni"]
[Black "moro182"]
[Result "1-0"]
[WhiteElo "2439"]
[BlackElo "2700"]
[TimeControl "180+1"]
[EndTime "10:09:28 PDT"]
[Termination "ferch1ni won by resignation"]

1. e4 e5 2. Nf3 Nc6 3. Bb5 a6 4. Ba4 Nf6 5. O-O b5 6. Bb3 Bc5 7. c3 d6 8. d4 Bb6 9. Bg5 h6 10. Bxf6 Qxf6 11. Bd5 Bd7 12. a4 Rb8 13. axb5 axb5 14.
Na3 Ne7 15. Nc2 Nxd5 16. dxe5 Nxc3 17. exf6 Nxd1 18. fxg7 Rg8 19. Raxd1 Rxg7 20. e5 Bh3 21. Nce1 dxe5 22. Nxe5 Be6 23. N1f3 Ra8 24. Rfe1 Kf8 25. Nd7+ Bxd7 26. Rxd7 Rg6 27. Ne5 Rf6 28. Nf3 Ra2 29.
Rb1 Rxb2 30. Rxb2 Rc6 31. Rd8+ Kg7 32. Rd1 Rc5 33. Rdb1 c6 34. Kf1 Rd5 35. Rd2 Rc5 36. Ne1 Rh5 37. h3 Rf5 38. Rc2 Bd4 39. Nf3 Bc5 40.
Rbc1 Ba3 41. Ra1 b4 42. Rxc6 Rb5 43. Rb1 Rd5 44. Rc2 Rd3 45. Nd2 Rd5 46. Ke2 Re5+ 47. Kd1 Rf5 48. Rb3 Rxf2 49. Rg3+ Kh7 50. Ne4 Rf4 51.
Nd2 h5 52. Nc4 h4 53. Rf3 Rd4+ 54. Ke2 Re4+ 55. Re3 Rd4 56. Nxa3 bxa3 57. Rxa3 Re4+ 58. Re3 Rb4 59. Rf3 Kg6 60. Kf2 f5 61. Re2 Kg5 62.
Rfe3 Kf4 63. Rf3+ Kg5 64. Rc2 Rb5 65. Rfc3 Kf4 66. Rc8 Ra5 67. R8c4+ Kg5 68. Kf3 Ra3+ 69. R2c3 Ra1 70. Rc8 Rf1+ 71. Ke2 Ra1 72. Rg8+ Kf4 73. Rc4+ Ke5 74. Re8+ Kd5 75. Rxh4 Ra2+ 76. Kf3 Ra3+ 77. Kf4 Ra2 78. Kxf5 Rxg2 79. Rd8+ Kc6 80. Rg4 Rf2+ 81. Rf4 Rh2 82. h4 Kc7 83. Rg8 Rh1 84. Kg5 Kd7 85.
h5 Ke7 86. h6 Rh2 87. Rg7+ Ke6 88. Rg4 Ra2 89. Kg6 Ra6 90. h7 Ke5+ 91. Kg5 Ra8 92. Rg8 1-0